 Dungeon Crawl Stone Soup version 0.32-a0-705-g60f233581c (webtiles) character file.

Game seed: 1938627972065850689

402 Ruich the Caller (level 6, -13/45 HPs)
             Began as a Demigod Summoner on Mar 15, 2024.
             Mangled by Prince Ribbit (16 damage)
             ... on level 5 of the Dungeon.
             The game lasted 00:10:38 (4711 turns).

Ruich the Caller (Demigod Summoner)                 Turns: 4711, Time: 00:10:39

Health: -13/45     AC:  7    Str:  9    XL:     6   Next: 29%
Magic:  7/14       EV: 11    Int: 25    God:
Gold:   249        SH:  0    Dex: 14    Spells: 0/12 levels left

rFire   . . .        g - +0 spear
rCold   . . .        (no shield)
rNeg    . . .        a - +0 robe
rPois   .            y - +1 helmet
rElec   .            i - -3 cloak
rCorr   .            (no gloves)
SInv    .            u - +0 pair of boots
Will    .....        (no amulet)
Stlth   ++           s - +4 ring of protection
HPRegen 0.27/turn    (no ring)
MPRegen 0.14/turn

%: no passive effects
@: inugami summoned
A: high MP 1, forlorn, divine attributes
a: no special abilities


You were on level 5 of the Dungeon.
You visited 1 branch of the dungeon, and saw 5 of its levels.

You collected 249 gold pieces.


Innate Abilities, Weirdness & Mutations

You have an increased reservoir of magic. (+10% MP)
You shall have no god before yourself.
Your divine heritage dramatically boosts your attributes as you level up.


   Skills:
 - Level 2.0 Dodging
 - Level 2.0 Stealth
 + Level 3.6 Spellcasting
 + Level 5.0 Summonings
 + Level 0.0 Fire Magic
 * Level 3.3 Air Magic


You couldn't memorise any spells.
You knew the following spells:

 Your Spells              Type           Power      Damage    Failure   Level
b - Summon Blazeheart Go  Fire/Summ      17%        N/A       34%         4
c - Call Canine Familiar  Summ           29%        N/A       3%          3
l - Summon Lightning Spi  Summ/Air       25%        N/A       17%         4
z - Summon Small Mammal   Summ           100%       N/A       1%          1

Your spell library contained the following spells:

 Spells                   Type           Power      Damage    Failure   Level
 Call Imp                 Summ           58%        N/A       1%          2
 Cigotuvi's Dreadful Rot  Necr/Alch/Air  20%        N/A       9%          2
 Magic Dart               Conj           16%        1d3       10%         1
 Martyr's Knell           Necr/Summ      17%        N/A       34%         4
 Dispel Undead            Necr           4%         3d7       67%         4

Inventory:

Hand Weapons
 g - a +0 spear (weapon)
Missiles
 k - 2 poisoned darts
Armour
 a - a +0 robe (worn)
 i - a -3 cloak (worn)
 u - a +0 pair of boots (worn)
 y - a +1 helmet (worn)
Jewellery
 s - a +4 ring of protection (left hand)
Wands
 p - a wand of roots (10)
Scrolls
 m - a scroll of teleportation {@r2}
 r - a scroll of fog
Potions
 b - a potion of magic
 c - a potion of haste {unknown}
 e - a potion of curing {unknown}
 f - a potion of berserk rage {unknown}
 j - 3 potions of enlightenment
 l - 2 potions of brilliance
 n - a potion of mutation {unknown}
 t - 3 potions of heal wounds {@q2}
 w - 2 potions of cancellation

Dungeon Overview and Level Annotations

Branches:
Dungeon (5/15) Zot: 25277
 Temple: D:4-7

Shops:
D:2 [

Annotations:
D:5 Prince Ribbit

,,,,***,,,###....#...##(....,,*
,,,,,,,,ß,,......###..#..###*** *
,,,,***,,,**#.....##.....####ß***
,,,**,+*,*+,*#...........##ß..,ß,
,,**,,,*,*,,,##..........##...,,,
,,*,,,**,**,,Y#...###....#_...,,,
,,*,,**,.,**,/#.....<....##...,,,
,,****,,...####..####....##ß..,ß,
,,,,,,,,........@####....####ß***
,,,,,,,,.......rF........###*****
,*,,,,,,.....#..l...........,,,,,
,,,,,,,,......h#.r.##.......,,,,,
,,,,,,,,.#####...####......##,,,,
,,*,,,,,,* **#[#.###..##.##.,,,,,
,,,,,,,,,***.$....,,.#*,.#*.#*,,,
,,,,,,,,,*,...###.*****,***,**,,,
,,,**,,,,,=..#* *.#***,,,,,,**,,,


You could see Prince Ribbit (ally target), an iguana (ally target), a friendly
quokka (summoned), a friendly inugami (summoned) and a friendly rat (summoned).


Message History

Found a cabochon ring.
Your lightning spire shoots out a bolt of lightning at the iguana!
Prince Ribbit catches a butterfly with his tongue.
Prince Ribbit hits your lightning spire!
The iguana bites your lightning spire. Prince Ribbit closely misses you.
The iguana bites your lightning spire but does no damage.
Casting: Summon Lightning Spire (quite dangerous; 17% risk of failure)
Confirm with . or Enter, or press ? or * to list all spells.
You call for your canine familiar and it appears with a howl!
Prince Ribbit hits you! Prince Ribbit closely misses you.
The iguana bites your lightning spire.
Your lightning spire is destroyed!
Your lightning spire disappears in a puff of smoke!
The iguana hisses angrily.
Casting: Call Canine Familiar (dangerous; 3% risk of failure)
Confirm with . or Enter, or press ? or * to list all spells.
Prince Ribbit hits you!
Casting: Summon Small Mammal (safe; 1% risk of failure)
Confirm with . or Enter, or press ? or * to list all spells.
Prince Ribbit hits you!
* * * LOW HITPOINT WARNING * * *
Your quokka bites the iguana.
The iguana bites you.
* * * LOW HITPOINT WARNING * * *
Prince Ribbit hits you!
* * * LOW HITPOINT WARNING * * *
Unknown command.
Prince Ribbit attacks as he pursues you!
Prince Ribbit hits you!
You die...

Skill      XL: |  1  2  3  4  5  6 |
---------------+-------------------+-----
Dodging        | 2 |  2.0
Stealth        | 2 |  2.0
Spellcasting   | 2 3 |  3.6
Summonings     | 4 5 |  5.0
Air Magic      | 1 2 3 |  3.3

Action                     |  1- 3 |  4- 6 || total
---------------------------+-------+-------++-------
  Melee: Unarmed           |    22 |       ||    22
         Short sword       |    71 |       ||    71
         Spear             |    23 |    79 ||   102
   Cast: Summon Small Mamm |    57 |    35 ||    92
         Call Canine Famil |     4 |    14 ||    18
         Summon Lightning  |       |     3 ||     3
    Use: Scroll            |       |    12 ||    12
   Stab: Distracted        |     1 |     2 ||     3
 Armour: Robe              |    91 |    63 ||   154
  Dodge: Dodged            |   101 |    69 ||   170

Levels and vault maps discovered:
D:1:      roderic_crop_circles_arrival_small, layout_loops_ring,
          shapermc_ecumenical_altar_flowoftime
D:2:      layout_basic, serial_shops, nicolae_shop_scrapyard,
          nicolae_underground_beach
D:3:      layout_loops_ring
D:4:      layout_basic, grunt_temple_overflow_magic_moments,
          mainiacjoe_overflow_small_starburst, general_overflow_altar,
          minmay_fractal_squares_diagonal_5, uniq_natasha
D:5:      cheibrodos_barr_body, layout_rooms,
          nicolae_ru_great_annihilating_truth, nicolae_overflow_hidden_temple,
          grunt_ministairs_15, uniq_prince_ribbit1

Notes
Turn   | Place    | Note
-------+----------+-------------------------------------------
     0 | D:1      | Ruich the Demigod Summoner began the quest for the Orb.
     0 | D:1      | Reached XP level 1. HP: 14/14 MP: 5/5
    45 | D:1      | HP: 1/14 [giant cockroach (2)]
    49 | D:1      | Reached skill level 2 in Dodging
    49 | D:1      | Reached skill level 2 in Stealth
   375 | D:1      | Reached skill level 2 in Spellcasting
   375 | D:1      | Reached XP level 2. HP: 20/20 MP: 2/7
   553 | D:1      | Reached skill level 4 in Summonings
  1346 | D:2      | Reached XP level 3. HP: 23/26 MP: 5/8
  1510 | D:2      | Found Edaewa's Armour Emporium.
  2054 | D:2      | Learned a level 3 spell: Call Canine Familiar
  2514 | D:3      | Reached XP level 4. HP: 33/33 MP: 4/10
  3099 | D:4      | Learned a level 4 spell: Summon Lightning Spire
  3109 | D:4      | Noticed Natasha
  3122 | D:4      | Killed Natasha
  3123 | D:4      | Reached skill level 5 in Summonings
  3176 | D:4      | Noticed Natasha
  3184 | D:4      | Reached skill level 1 in Air Magic
  3184 | D:4      | Reached XP level 5. HP: 29/38 MP: 7/12
  3381 | D:4      | Killed Natasha
  3382 | D:4      | Reached skill level 3 in Spellcasting
  3391 | D:4      | Noticed Natasha
  3418 | D:4      | Killed Natasha
  3419 | D:4      | Reached skill level 2 in Air Magic
  3836 | D:4      | Reached XP level 6. HP: 41/45 MP: 9/14
  4195 | D:4      | Got Vehumet's Encyclopedia of Impulse
  4266 | D:4      | Reached skill level 3 in Air Magic
  4410 | D:4      | Learned a level 4 spell: Summon Blazeheart Golem
  4412 | D:5      | Entered Level 5 of the Dungeon
  4691 | D:5      | Noticed Prince Ribbit
  4710 | D:5      | HP: 3/45 [Prince Ribbit (7)]
  4711 | D:5      | Mangled by Prince Ribbit

Vanquished Creatures
  Natasha (thrice) (D:4)
  A dart slug (D:1)
  2 orcs (D:4)
  An endoplasm (D:4)
  2 giant cockroaches (D:1)
  A hobgoblin (D:4)
  A quokka (D:1)
  2 bats
  3 frilled lizards
  5 kobolds
  A rat (D:1)
22 creatures vanquished.

Vanquished Creatures (collateral kills)
  A centaur (D:4)
  2 bombardier beetles
  An orc wizard (D:4)
  7 adders
  A dart slug (D:1)
  A ribbon worm (D:4)
  9 orcs
  5 ball pythons
  2 bats (D:1)
  8 endoplasms
  2 giant cockroaches
  3 goblins
  3 hobgoblins
  5 jackals (D:1)
  2 quokkas
  A frilled lizard (D:2)
  5 kobolds
  A rat (D:2)
59 creatures vanquished.

Grand Total: 81 creatures vanquished

Table legend: (Time is in decaauts)
 A = Elapsed time spent in this place.
 B = Non-inter-level travel time spent in this place.
 C = Inter-level travel time spent in this place.
 D = Time resting spent in this place.
 E = Time spent auto-exploring this place.
 F = Levels seen in this place.
 G = Mean time per level.
                   A        B        C        D        E       F      G
               +--------+--------+--------+--------+--------+-----+--------+
         Total |   4721 |   4564 |    157 |   1008 |   2513 |   5 |  944.2 |
       Dungeon |   4721 |   4564 |    157 |   1008 |   2513 |   5 |  944.2 |
               +--------+--------+--------+--------+--------+-----+--------+

Top non-repeatable levels by time:
     D:4: 1436 daAuts
     D:1: 1325 daAuts
     D:3: 961 daAuts
     D:2: 944 daAuts
     D:5: 53 daAuts

Table legend:
 A = Non-vault XP
 B = Vault XP
 C = Vault XP percentage of total XP
 D = Non-vault monster count
 E = Vault monster count
 F = Vault count percentage of total count
                 A         B        C        D         E       F
            +---------+---------+-------+---------+---------+-------
      Total |     511 |      64 |  11.1 |      73 |       8 |   9.9
            +---------+---------+-------+---------+---------+-------
        D:1 |      47 |       0 |   0.0 |      25 |       0 |   0.0
        D:2 |      31 |       0 |   0.0 |      12 |       0 |   0.0
        D:3 |     102 |       0 |   0.0 |      11 |       0 |   0.0
        D:4 |     331 |      64 |  16.2 |      25 |       8 |  24.2
            +---------+---------+-------+---------+---------+-------
